 Dungeon Crawl Stone Soup version 0.29-a0-321-gf1c400731a (webtiles) character file.

Game seed: 5153799085631935546

13562 siradein the Summoner (level 12, -9/81 HPs)
             Began as an Octopode Summoner on Apr 4, 2022.
             Was an Initiate of Gozag.
             Mangled by a two-headed ogre
             ... wielding a +0 giant club
              (18 damage)
             ... on level 10 of the Dungeon.
             The game lasted 01:07:06 (15966 turns).

siradein the Summoner (Octopode Summoner)          Turns: 15966, Time: 01:07:07

Health: -9/81      AC:  1    Str: 14    XL:     12   Next: 7%
Magic:  20/22      EV: 19    Int: 28    God:    Gozag
Gold:   1464       SH:  0    Dex: 12    Spells: 7/24 levels left

rFire   . . .      SeeInvis .   P - +0 quarterstaff (freeze)
rCold   + . .      Faith    .   (shield currently unavailable)
rNeg    . . .      Spirit   .   (helmet restricted)
rPois   .          Reflect  .   (no amulet)
rElec   .          Harm     .   g - +4 ring of evasion
rCorr   +          Rampage  .   q - ring of willpower
Will    +....                   x - +6 ring of strength
Stlth   +++.......              E - ring of resist corrosion
HPRegen 0.23/turn               G - +6 ring of intelligence
MPRegen 0.18/turn               H - ring of protection from cold
                                j - +4 ring of slaying
                                (no ring)

@: no status effects
A: almost no armour, amphibious, 8 rings, camouflage 1, gelatinous body 1,
(nimble swimmer 1), tentacles
a: Renounce Religion, Potion Petition, Call Merchant, Bribe Branch


You were on level 10 of the Dungeon.
You worshipped Gozag.
Gozag was most pleased with you.
You visited 2 branches of the dungeon, and saw 11 of its levels.
You also visited: Bailey.

You collected 1784 gold pieces.
You spent 194 gold pieces at shops.
You paid 126 gold pieces to Gozag.

Inventory:

Hand Weapons
 P - a +0 quarterstaff of freezing (weapon)
Jewellery
 g - a +4 ring of evasion (left tentacle)
 j - a +4 ring of slaying (on tentacle)
 q - a ring of willpower (right tentacle)
 x - a +6 ring of strength (on tentacle)
 z - the ring of the Divine God {Fire Dex+2}
   (You found it on level 5 of the Dungeon)

   [ring of fire]

   It enhances your fire magic.
   Dex:       It affects your dexterity (+2).
   rF:        It protects you from fire.
   rC:        It makes you vulnerable to cold.
 E - a ring of resist corrosion (on tentacle)
 G - a +6 ring of intelligence (on tentacle)
 H - a ring of protection from cold (on tentacle)
 O - a ring of ice
Wands
 h - a wand of iceblast (5)
 s - a wand of charming (13)
 A - a wand of acid (5)
 C - a wand of flame (23)
 J - a wand of mindburst (5)
Scrolls
 b - a scroll of vulnerability
 c - 2 scrolls of fog
 i - 2 scrolls of summoning
 k - a scroll of amnesia {unknown}
 l - 4 scrolls of immolation
 n - a scroll of blinking
 o - a scroll of brand weapon {unknown}
 t - 3 scrolls of fear
 u - a scroll of holy word {unknown}
 v - 3 scrolls of enchant armour
 y - 2 scrolls of silence {unknown}
 D - 2 scrolls of enchant weapon
 K - a scroll of magic mapping
 L - a scroll of torment
 Q - a scroll of acquirement {unknown}
Potions
 a - 5 potions of magic
 d - 2 potions of berserk rage
 f - 7 potions of heal wounds
 m - 4 potions of flight
 p - 3 potions of cancellation {unknown}
 r - 7 potions of curing
 w - 2 potions of haste {unknown}
 B - 2 potions of might {unknown}
 F - 2 potions of attraction {unknown}
 I - a potion of resistance {unknown}
 M - a potion of lignification {unknown}
 N - 7 potions of ambrosia


   Skills:
 + Level 7.0 Fighting
 + Level 7.4 Dodging
 - Level 2.6 Stealth
 + Level 7.0 Unarmed Combat
 + Level 6.9 Spellcasting
 + Level 10.8 Summonings
 + Level 3.1 Transmutations
 + Level 7.1 Air Magic


You had 7 spell levels left.
You knew the following spells:

 Your Spells              Type           Power      Damage    Failure   Level
a - Call Imp              Summ           63%        N/A       1%          2
b - Summon Small Mammal   Summ           100%       N/A       1%          1
c - Call Canine Familiar  Summ           63%        N/A       1%          3
d - Summon Lightning Spi  Summ/Air       57%        N/A       1%          4
e - Storm Form            Tmut/Air       19%        N/A       99%         7

Your spell library contained the following spells:

 Spells                   Type           Power      Damage    Failure   Level
 Summon Guardian Golem    Hex/Summ       40%        N/A       1%          3
 Airstrike                Air            24%        N/A       3%          4
 Freeze                   Ice            36%        1d6       5%          1
 Frozen Ramparts          Ice            18%        1d3       17%         3
 Stone Arrow              Conj/Erth      18%        3d8       17%         3
 Lightning Bolt           Conj/Air       14%        1d28      34%         5
 Hailstorm                Conj/Ice       9%         3d4       50%         4
 Fireball                 Conj/Fire      4%         3d4       83%         5
 Iskenderun's Battlesphe  Conj           9%         2d6       83%         5
 Conjure Ball Lightning   Conj/Air       14%        3x3d6     89%         6
 Orb of Destruction       Conj           4%         9d5       100%        7
 Lehudib's Crystal Spear  Conj/Erth      4%         10d3      100%        8
 Maxwell's Capacitive Co  Air            24%        ∞         100%        8
 Chain Lightning          Conj/Air       14%        3d19      100%        9
 Fire Storm               Conj/Fire      4%         8d1       100%        9
 Shatter                  Erth           4%         3d8*      100%        9
 Animate Armour           Summ/Erth      Unusable   N/A       N/A         4

Dungeon Overview and Level Annotations

Branches:
Dungeon (10/15)            Temple (1/1) D:6            Lair (0/6) D:10
    Orc (0/2) D:10         Bailey (visited)

Altars:
Ashenzari
Cheibriados
Dithmenos
Elyvilon
Fedhas
Gozag
Hepliaklqana
Kikubaaqudgha
Makhleb
Nemelex Xobeh
Okawaru
Qazlal
Ru
Sif Muna
Trog
Uskayaw
Vehumet
Wu Jian
Xom
Yredelemnul
Zin
The Shining One

Shops:
D:4 (   D:9 *

Annotations:
D:6 1 runed translucent door, Pooter's ghost, novice DrBe
D:9 Snorg


Innate Abilities, Weirdness & Mutations

You cannot wear most types of armour.
You are amphibious.
You can wear up to eight rings at the same time.
Your skin changes colour to match your surroundings (Stealth+).
Your rubbery body absorbs attacks. (AC +1, EV +1)
((You are camouflaged when in or above water. (Stealth+)))
You have tentacles for arms and can constrict up to eight enemies at once.


Message History

The two-headed ogre shouts in stereo!
Your warg closely misses the two-headed ogre.
Your warg bites the two-headed ogre!
Casting: Call Canine Familiar (safe; 1% risk of failure)
Confirm with . or Enter, or press ? or * to list all spells.
An electric hum fills the air.
Your warg bites the two-headed ogre.
The two-headed ogre barely misses you. The two-headed ogre misses you.
Your warg bites the two-headed ogre!
Your warg bites the two-headed ogre.
Casting: Summon Lightning Spire (mildly dangerous; 1% risk of failure)
Confirm with . or Enter, or press ? or * to list all spells.
An electric hum fills the air.
Your lightning spire disappears in a puff of smoke!
The two-headed ogre closely misses you.
The two-headed ogre hits you with a +0 giant club!!
Your warg bites the two-headed ogre but does no damage.
Your warg bites the two-headed ogre!
The two-headed ogre hits your warg with a +0 giant club!
The two-headed ogre barely misses your warg.
Your warg bites the two-headed ogre!
There is a stone staircase leading up here.
Casting: Summon Lightning Spire (mildly dangerous; 1% risk of failure)
Confirm with . or Enter, or press ? or * to list all spells.
An electric hum fills the air.
You start resting.
Your lightning spire disappears in a puff of smoke!
Magic restored.
HP restored.
The two-headed ogre shouts in stereo!
Your wolf bites the two-headed ogre.
Your wolf barely misses the two-headed ogre.
The two-headed ogre attacks as you move away!
The two-headed ogre hits you with a +0 giant club!! x2
Your wolf barely misses the two-headed ogre. x2
The two-headed ogre attacks as you move away!
The two-headed ogre hits you with a +0 giant club!!
* * * LOW HITPOINT WARNING * * *
The two-headed ogre hits you with a +0 giant club!!
You die...
Your body crumbles into a pile of gold.

##..## #### #..##
###'#########
#...........#
#)###########
#)).........#
#.#########.#######
#...#.Oh....'......
###.#@#####.#######
#.#)#...#...#
#.#.###.#.###
#.....#.#..
###.....####
#..........###
#....<.....'.##
#.....<....#..#
######
#..........##.#
#.....


You could see a two-headed ogre (ally target) and a friendly wolf (summoned).

Vanquished Creatures
  Sigmund (D:5)
  4 humans (Bailey)
  Eustachio (D:4)
  An orc warrior (D:7)
  3 black bears
  2 phantoms
  6 bullfrogs
  3 killer bees (D:9)
  A howler monkey (D:8)
  A hound (D:6)
  Natasha (twice) (D:2)
  An orc wizard (D:10)
  2 adders
  An ufetubus (D:5)
  3 worms
  9 orcs
  A bat (D:3)
  An endoplasm (D:1)
  2 giant cockroaches
  4 goblins
  2 hobgoblins
  4 jackals (D:3)
  7 kobolds
  2 quokkas (D:2)
  A ball python (D:1)
  2 frilled lizards
  4 rats
71 creatures vanquished.

Vanquished Creatures (collateral kills)
  Fannar (D:10)
  2 vault guards (Bailey)
  A two-headed ogre (D:7)
  Urug (D:10)
  Pikel (D:7)
  A gargoyle (D:10)
  Maggie (D:10)
  An efreet (D:10)
  A queen bee (D:9)
  2 trolls (D:9)
  Prince Ribbit (Bailey)
  2 shadows (D:10)
  3 yaks (D:9)
  7 humans
  A steam dragon (D:7)
  5 water moccasins
  2 acid dragons
  7 orc warriors
  An ogre (D:5)
  A black bear (D:7)
  An ice beast (D:6)
  2 sky beasts
  2 centaurs
  2 lemures (D:7)
  2 kobold brigands
  8 bullfrogs
  A gnoll sergeant (D:10)
  A scorpion (D:5)
  A wight (D:9)
  19 killer bees (D:9)
  A nameless horror (D:7)
  3 jellies
  A hound (D:4)
  Ijyb (D:3)
  8 orc priests
  Terence (D:2)
  2 iguanas (D:5)
  3 orc wizards
  Natasha (D:2)
  6 gnolls
  5 adders
  A shadow imp (D:6)
  A white imp (D:6)
  2 ufetubi
  47 orcs
  3 endoplasms
  2 giant cockroaches
  3 hobgoblins
  2 jackals (D:3)
  2 quokkas (D:4)
  A ball python (D:2)
  A bat (D:2)
  8 goblins
  7 kobolds
  A rat (D:1)
194 creatures vanquished.

Vanquished Creatures (others)
  A black bear (D:10)
  46 fungi (D:10)
  64 plants
111 creatures vanquished.

Grand Total: 376 creatures vanquished

Notes
Turn   | Place    | Note
-------+----------+-------------------------------------------
     0 | D:1      | siradein the Octopode Summoner began the quest for the Orb.
     0 | D:1      | Reached XP level 1. HP: 11/11 MP: 3/3
   208 | D:1      | Reached XP level 2. HP: 17/17 MP: 5/5
   214 | D:1      | Learned a level 2 spell: Call Imp
   461 | D:1      | Reached XP level 3. HP: 4/21 MP: 2/6
   959 | D:2      | Noticed Natasha
   963 | D:2      | Killed Natasha
   964 | D:2      | Reached skill level 5 in Summonings
   987 | D:2      | Reached XP level 4. HP: 27/27 MP: 7/7
   991 | D:2      | Learned a level 3 spell: Call Canine Familiar
  1033 | D:2      | Found a faded altar of an unknown god.
  1214 | D:2      | Noticed Natasha
  1510 | D:2      | Noticed Terence
  1517 | D:2      | Killed Terence
  1518 | D:2      | Reached skill level 6 in Summonings
  1637 | D:2      | Killed Natasha
  1638 | D:2      | Reached XP level 5. HP: 31/31 MP: 8/8
  1714 | D:2      | Noticed Natasha
  1718 | D:2      | Killed Natasha
  1893 | D:3      | Noticed a phantom
  1902 | D:3      | Noticed Ijyb
  1911 | D:3      | Killed Ijyb
  2105 | D:3      | Killed a phantom
  2106 | D:3      | Reached skill level 7 in Summonings
  2106 | D:3      | Reached XP level 6. HP: 32/36 MP: 5/9
  2306 | D:3      | Found a faded altar of an unknown god.
  2339 | D:3      | Found a broken altar of Ashenzari.
  2846 | D:4      | Noticed Eustachio
  2878 | D:4      | Killed Eustachio
  2879 | D:4      | Reached skill level 8 in Summonings
  2879 | D:4      | Reached XP level 7. HP: 27/41 MP: 4/10
  2884 | D:4      | Learned a level 4 spell: Summon Lightning Spire
  3011 | D:4      | Found Bigih's Antique Weapon Shop.
  3297 | D:4      | Identified the +0 ring mail of Kahat {rElec rPois Int-3
                  | Slay+5}
  3608 | D:5      | Entered Level 5 of the Dungeon
  3704 | D:5      | Noticed Sigmund
  3714 | D:5      | Killed Sigmund
  3715 | D:5      | Reached skill level 1 in Fighting
  3715 | D:5      | Reached skill level 1 in Unarmed Combat
  3715 | D:5      | Reached skill level 1 in Air Magic
  4093 | D:5      | Reached XP level 8. HP: 49/49 MP: 5/12
  4714 | D:5      | Identified the ring of the Divine God {Fire Dex+2}
  4989 | D:6      | Found a staircase to the Ecumenical Temple.
  4993 | D:6      | Found a runed translucent door.
  4999 | Temple   | Entered the Ecumenical Temple
  5023 | Temple   | Became a worshipper of Gozag Ym Sagoz the Greedy
  5111 | D:6      | Noticed Pooter's ghost (novice DrBe)
  6651 | D:7      | Reached XP level 9. HP: 57/57 MP: 4/14
  6703 | D:7      | Reached skill level 9 in Summonings
  6902 | D:7      | Noticed a two-headed ogre
  6929 | D:7      | Killed a two-headed ogre
  6969 | D:7      | Found a flagged portal.
  6993 | D:7      | Reached skill level 5 in Dodging
  7007 | Bailey   | Entered a bailey
  7024 | Bailey   | Reached XP level 10. HP: 18/65 MP: 6/17
  7294 | Bailey   | Reached skill level 5 in Air Magic
  7418 | Bailey   | Noticed Prince Ribbit
  7419 | Bailey   | Noticed a vault guard
  7421 | Bailey   | Reached skill level 5 in Unarmed Combat
  7421 | Bailey   | Reached skill level 5 in Spellcasting
  7463 | Bailey   | Killed a vault guard
  7464 | Bailey   | Reached skill level 5 in Fighting
  7467 | Bailey   | Killed Prince Ribbit
  7740 | Bailey   | Noticed a vault guard
  7769 | Bailey   | Killed a vault guard
  7770 | Bailey   | Reached skill level 10 in Summonings
  8240 | D:7      | Noticed Pikel
  8383 | D:7      | Killed Pikel
  8384 | D:7      | Reached XP level 11. HP: 72/72 MP: 4/19
  9720 | D:8      | Learned a level 7 spell: Storm Form
 10823 | D:9      | Found Gool's General Store.
 10830 | D:9      | Bought a scroll of magic mapping for 52 gold pieces
 10830 | D:9      | Bought a scroll of summoning for 142 gold pieces
 10980 | D:9      | Reached skill level 1 in Transmutations
 11968 | D:10     | Entered Level 10 of the Dungeon
 12008 | D:10     | Noticed Maggie
 12257 | D:10     | Noticed Fannar
 13614 | D:10     | Found a staircase to the Lair.
 13682 | D:10     | Found a staircase to the Orcish Mines.
 13727 | D:10     | Noticed Snorg
 13727 | D:10     | Noticed Urug
 14471 | D:10     | Killed Maggie
 14678 | D:10     | Killed Fannar
 14791 | D:10     | Killed Urug
 14972 | D:10     | Reached XP level 12. HP: 80/80 MP: 17/22
 15797 | D:10     | Noticed a two-headed ogre
 15966 | D:10     | Mangled by a two-headed ogre

Illustrated notes

Levels and vault maps discovered:
D:1:      dpeg_arrival_water_temple_mockup, layout_loops_cross
D:2:      layout_rooms, hellmonk_ecumenical_altar_blasted, minmay_bisected,
          uniq_natasha, uniq_terence
D:3:      layout_rooms, nicolae_overflow_ecumenical_swirl, uniq_ijyb
D:4:      layout_basic, serial_shops, shop, uniq_eustachio
D:5:      layout_loops_cross, serial_bayou_pond_c, uniq_sigmund
D:6:      layout_basic, minmay_temple_entry_slanted, ebering_ghost_sewer_d,
          minmay_strange_pillars, lemuel_flamethrower_2
D:7:      layout_basic, enter_bailey_5, minmay_ruffians, uniq_pikel
D:8:      layout_basic, due_unseen_surprise
D:9:      layout_roguey, serial_shops, nicolae_shop_crystal, special_room
          [special_room_bee]
D:10:     layout_roguey, due_lair_maze_entry_diamond, orc_0_dummy, special_room
          [special_room_orc], uniq_sonja, uniq_maggie, uniq_fannar, uniq_snorg,
          uniq_urug
Temple:   grunt_wide_crystal_templ

Skill      XL: |  1  2  3  4  5  6  7  8  9 10 11 12 |
---------------+-------------------------------------+-----
Summonings     | 5 6 7 8 9 10 | 10.8
Fighting       | 1 3 4 5 6 7 |  7.0
Unarmed Combat | 1 3 4 5 7 |  7.0
Air Magic      | 1 3 4 6 7 |  7.1
Dodging        | 4 5 6 7 |  7.4
Spellcasting   | 3 4 5 6 |  6.9
Transmutations | 2 3 |  3.1
Stealth        | |  2.6

Action                   |  1- 3 |  4- 6 |  7- 9 | 10-12 || total
-------------------------+-------+-------+-------+-------++-------
Melee: Dagger            |    16 |    66 |    42 |    69 ||   193
       Constrict         |     4 |    21 |    12 |    25 ||    62
       Tentacles         |     2 |    16 |    13 |    17 ||    48
       Spear             |     1 |     3 |       |       ||     4
       Punch             |       |     3 |       |     2 ||     5
       Quarterstaff      |       |       |       |    11 ||    11
 Cast: Summon Small Mamm |     2 |       |     1 |     1 ||     4
       Call Imp          |     5 |    11 |    10 |     6 ||    32
       Call Canine Famil |       |     8 |    44 |    60 ||   112
       Summon Lightning  |       |       |     4 |    77 ||    81
Evoke: Wand              |       |       |       |     1 ||     1
  Use: Scroll            |       |     1 |     7 |     9 ||    17
 Stab: Sleeping          |     3 |       |     1 |       ||     4
       Distracted        |       |       |     2 |     2 ||     4
Armor: Skin              |     1 |     4 |     1 |     1 ||     7
Dodge: Dodged            |    14 |    52 |    45 |   178 ||   289

Table legend: (Time is in decaauts)
 A = Elapsed time spent in this place.
 B = Non-inter-level travel time spent in this place.
 C = Inter-level travel time spent in this place.
 D = Time resting spent in this place.
 E = Time spent auto-exploring this place.
 F = Levels seen in this place.
 G = Mean time per level.
                   A        B        C        D        E       F      G
               +--------+--------+--------+--------+--------+-----+--------+
         Total |  15986 |  15807 |    179 |   2774 |   8786 |  12 | 1332.2 |
       Dungeon |  14851 |  14672 |    179 |   2261 |   8493 |  10 | 1485.1 |
        Temple |     98 |     98 |      0 |      0 |     63 |   1 |   98.0 |
        Bailey |   1035 |   1035 |      0 |    513 |    230 |   1 | 1035.0 |
               +--------+--------+--------+--------+--------+-----+--------+

Top non-repeatable levels by time:
     D:9: 3597 daAuts
    D:10: 1916 daAuts
     D:7: 1549 daAuts
     D:8: 1504 daAuts
     D:6: 1432 daAuts
     D:5: 1247 daAuts
  Bailey: 1035 daAuts
     D:1: 957 daAuts
     D:3: 920 daAuts
     D:4: 882 daAuts
     D:2: 843 daAuts
  Temple: 98 daAuts
